TOP OF THE 1ST |
University of Michigan Wolverines batting - Pitching for Oklahoma State University Cowboys : RHP Abban Sartika
|
Pitching: RHP Abban Sartika
|
|
Batting: RHB Chris Williamson
|
0-0: Called Strike 0-1: Ball 1-1: Swinging Strike 1-2: Foul Ball, location: 2F 1-2: Ball 2-2: Strikes out swinging, 2-3 out at first.
|
Batting: RHB Danny Arroyo
|
0-0: Ball 1-0: Called Strike 1-1: Called Strike 1-2: Strikes out swinging
|
Batting: RHB Quirino Portel
|
0-0: Ball 1-0: Foul Ball, location: 2F 1-1: Called Strike 1-2: Ball 2-2: Ball 3-2: Base on Balls
|
Batting: LHB Lance Sabo
|
0-0: Ball 1-0: Ball 2-0: Called Strike 2-1: Ball 3-1: 2-RUN HOME RUN (Flyball, 89XD, EV 115.0 MPH), Distance : 424 ft
|
Batting: RHB Aaron Marakovits
|
0-0: Swinging Strike 0-1: Foul Ball, location: 2F 0-2: Strikes out swinging
|
Top of the 1st over - 2 runs, 1 hit, 0 errors, 0 left on base; University of Michigan 2 - Oklahoma State University 0 |
BOTTOM OF THE 1ST |
Oklahoma State University Cowboys batting - Pitching for University of Michigan Wolverines : LHP Omar Gutierrez
|
Pitching: LHP Omar Gutierrez
|
|
Batting: RHB Simon Gravitt
|
0-0: Ball 1-0: Ground out 6-3 (Groundball, 6, EV 101.9 MPH)
|
Batting: RHB Jon Guzman
|
0-0: Called Strike 0-1: Ball 1-1: Ball 2-1: Foul Ball, location: 2F 2-2: Ball 3-2: Base on Balls
|
Batting: LHB Kyle David
|
0-0: Called Strike 0-1: Ball 1-1: Called Strike 1-2: Strikes out swinging
|
Batting: RHB Magnus Laursen
|
0-0: Fielders Choice at 2nd, 6-4 (Groundball, 6, EV 87.5 MPH)
|
Bottom of the 1st over - 0 runs, 0 hits, 0 errors, 1 left on base; University of Michigan 2 - Oklahoma State University 0 |
TOP OF THE 2ND |
University of Michigan Wolverines batting - Pitching for Oklahoma State University Cowboys : RHP Abban Sartika
|
Batting: RHB Mario Cruz
|
0-0: Ball 1-0: Called Strike 1-1: Ground out 6-3 (Groundball, 6, EV 86.9 MPH)
|
Batting: SHB Henrik Berg
|
0-0: Ball 1-0: Ball 2-0: Ball 3-0: Called Strike 3-1: Foul Ball, location: 2F 3-2: Strikes out looking
|
Batting: LHB Murdock Cranton
|
0-0: Called Strike 0-1: Swinging Strike 0-2: Strikes out swinging
|
Top of the 2nd over - 0 runs, 0 hits, 0 errors, 0 left on base; University of Michigan 2 - Oklahoma State University 0 |
BOTTOM OF THE 2ND |
Oklahoma State University Cowboys batting - Pitching for University of Michigan Wolverines : LHP Omar Gutierrez
|
Batting: RHB Rory Cardosi
|
0-0: Ball 1-0: Ground out 3-1 (Groundball, 34S, EV 84.4 MPH)
|
Batting: LHB Cory Rohr
|
0-0: Called Strike 0-1: Ball 1-1: Swinging Strike 1-2: Strikes out swinging
|
Batting: RHB Jose Lopez
|
0-0: Called Strike 0-1: Ball 1-1: Fly out, F7 (Flyball, 7, EV 86.9 MPH)
|
Bottom of the 2nd over - 0 runs, 0 hits, 0 errors, 0 left on base; University of Michigan 2 - Oklahoma State University 0 |
TOP OF THE 3RD |
University of Michigan Wolverines batting - Pitching for Oklahoma State University Cowboys : RHP Abban Sartika
|
Batting: RHB Torsten Ernst
|
0-0: Called Strike 0-1: Foul Ball, location: 2F 0-2: Foul Ball, location: 2F 0-2: Ball 1-2: Foul Ball, location: 2F 1-2: Strikes out looking
|
Batting: RHB Chris Williamson
|
0-0: Called Strike 0-1: Swinging Strike 0-2: Ball 1-2: Foul Ball, location: 2F 1-2: Ball 2-2: Strikes out swinging
|
Batting: RHB Danny Arroyo
|
0-0: Ground out 5-3 (Groundball, 56S, EV 86.9 MPH)
|
Top of the 3rd over - 0 runs, 0 hits, 0 errors, 0 left on base; University of Michigan 2 - Oklahoma State University 0 |
BOTTOM OF THE 3RD |
Oklahoma State University Cowboys batting - Pitching for University of Michigan Wolverines : LHP Omar Gutierrez
|
Batting: RHB Frederik Koster
|
0-0: DOUBLE (Flyball, 7D, EV 101.9 MPH)
|
Batting: RHB Tae-seon Kim
|
0-0: Ball 1-0: Ball 2-0: Ground out U3 (Groundball, 34S, EV 70.6 MPH) Frederik Koster to third
|
Batting: RHB Simon Gravitt
|
0-0: Fly out, F8 (Flyball, 8LM, EV 85.6 MPH) Runner from 3rd tags up, SCORES, throw by CF
|
Batting: RHB Jon Guzman
|
0-0: Ball 1-0: Ball 2-0: Ball 3-0: Base on Balls
|
Batting: LHB Kyle David
|
0-0: Called Strike 0-1: Foul Ball, location: 2F 0-2: Ball 1-2: Ball 2-2: Ball 3-2: Strikes out looking
|
Bottom of the 3rd over - 1 run, 1 hit, 0 errors, 1 left on base; University of Michigan 2 - Oklahoma State University 1 |
TOP OF THE 4TH |
University of Michigan Wolverines batting - Pitching for Oklahoma State University Cowboys : RHP Abban Sartika
|
Batting: RHB Quirino Portel
|
0-0: Ball 1-0: Ball 2-0: Fly out, F4 (Line Drive, 4M, EV 81.9 MPH)
|
Batting: LHB Lance Sabo
|
0-0: DOUBLE (Flyball, 8LD, EV 95.6 MPH)
|
Batting: RHB Aaron Marakovits
|
0-0: Ball 1-0: Foul Ball, location: 2F 1-1: Called Strike 1-2: Strikes out looking
|
Batting: RHB Mario Cruz
|
0-0: Ball 1-0: Called Strike 1-1: Swinging Strike 1-2: Ball 2-2: Strikes out swinging
|
Top of the 4th over - 0 runs, 1 hit, 0 errors, 1 left on base; University of Michigan 2 - Oklahoma State University 1 |
BOTTOM OF THE 4TH |
Oklahoma State University Cowboys batting - Pitching for University of Michigan Wolverines : LHP Omar Gutierrez
|
Batting: RHB Magnus Laursen
|
0-0: Ball 1-0: Ball 2-0: Foul Ball, location: 2F 2-1: Foul Ball, location: 2F 2-2: Ball 3-2: Strikes out swinging
|
Batting: RHB Rory Cardosi
|
0-0: Called Strike 0-1: Foul Ball, location: 2F 0-2: Ball 1-2: DOUBLE (Line Drive, 78XD, EV 102.5 MPH)
|
Batting: LHB Cory Rohr
|
0-0: Ball 1-0: Ball 2-0: SINGLE (Groundball, 6, EV 96.2 MPH) Rory Cardosi to third Runner from 3rd tries for Home, SAFE, throw by CF to home
|
Batting: RHB Jose Lopez
|
0-0: Called Strike 0-1: Foul Ball, location: 2F 0-2: Strikes out swinging
|
Batting: RHB Frederik Koster
|
0-0: Called Strike 0-1: Ball 1-1: Ball 2-1: Foul Ball, location: 2F 2-2: Strikes out looking
|
Bottom of the 4th over - 1 run, 2 hits, 0 errors, 1 left on base; University of Michigan 2 - Oklahoma State University 2 |
TOP OF THE 5TH |
University of Michigan Wolverines batting - Pitching for Oklahoma State University Cowboys : RHP Abban Sartika
|
Pitching: RHP Lisiate Iugini
|
|
Now in LF: Arabello Demesa
|
|
Batting: SHB Henrik Berg
|
0-0: Ball 1-0: Ball 2-0: Foul Ball, location: 2F 2-1: Foul Ball, location: 2F 2-2: Strikes out swinging
|
Batting: LHB Murdock Cranton
|
0-0: Ball 1-0: Foul Ball, location: 2F 1-1: SINGLE (Groundball, 34D, EV 108.1 MPH)
|
Batting: RHB Torsten Ernst
|
0-0: Ball 1-0: Foul Ball, location: 2F 1-1: Grounds into double play, 6-4-3 (Groundball, 6, EV 88.1 MPH)
|
Top of the 5th over - 0 runs, 1 hit, 0 errors, 0 left on base; University of Michigan 2 - Oklahoma State University 2 |
BOTTOM OF THE 5TH |
Oklahoma State University Cowboys batting - Pitching for University of Michigan Wolverines : LHP Omar Gutierrez
|
Batting: RHB Tae-seon Kim
|
0-0: Called Strike 0-1: Ball 1-1: Ball 2-1: Foul Ball, location: 2F 2-2: Ball 3-2: Base on Balls
|
Pinch Hitting: LHB Dwayne Roche
|
0-0: Called Strike 0-1: Ball 1-1: Ball 2-1: Foul Ball, location: 2F 2-2: Strikes out swinging
|
Batting: RHB Arabello Demesa
|
0-0: Foul Ball, location: 2F 0-1: SINGLE (Flyball, 56D, EV 90.0 MPH) Tae-seon Kim to second
|
Batting: LHB Kyle David
|
0-0: Ball 1-0: SINGLE (Line Drive, 5D, EV 104.4 MPH) Tae-seon Kim to third Arabello Demesa to second
|
Batting: RHB Magnus Laursen
|
0-0: Ball 1-0: Called Strike 1-1: Ball 2-1: Swinging Strike 2-2: Ball 3-2: Foul Ball, location: 2F 3-2: Fly out, F7 (Flyball, 78M, EV 86.9 MPH) Runner from 3rd tags up, SCORES, throw by LF
|
Batting: RHB Rory Cardosi
|
0-0: TRIPLE (Line Drive, 89XD, EV 106.9 MPH) Arabello Demesa scores Kyle David scores
|
Batting: LHB Cory Rohr
|
0-0: Ball 1-0: Swinging Strike 1-1: Swinging Strike 1-2: SINGLE (Groundball, 56D, EV 100.0 MPH) Rory Cardosi scores
|
Pinch Hitting: LHB Jeff Williams
|
0-0: Ball 1-0: Foul Ball, location: 2F 1-1: Foul Ball, location: 2F 1-2: Fly out, F8 (Flyball, 8LD, EV 80.0 MPH)
|
Bottom of the 5th over - 4 runs, 4 hits, 0 errors, 1 left on base; University of Michigan 2 - Oklahoma State University 6 |
TOP OF THE 6TH |
University of Michigan Wolverines batting - Pitching for Oklahoma State University Cowboys : RHP Lisiate Iugini
|
Now at 2B: Bill Tremblett
|
|
Now at 3B: Julio Marquez
|
|
Now in CF: Dwayne Roche
|
|
Now in RF: Jeff Williams
|
|
Batting: RHB Chris Williamson
|
0-0: Called Strike 0-1: Foul Ball, location: 2F 0-2: Hit by Pitch
|
Batting: RHB Danny Arroyo
|
0-0: Bunted foul 0-1: Sac Bunt to 5S - play at first, batter OUT! 5-4 Chris Williamson to second
|
Batting: RHB Quirino Portel
|
0-0: Ball 1-0: Fly out, F7 (Line Drive, 7, EV 95.6 MPH)
|
Batting: LHB Lance Sabo
|
0-0: Ground out 4-3 (Groundball, 4, EV 81.2 MPH)
|
Top of the 6th over - 0 runs, 0 hits, 0 errors, 1 left on base; University of Michigan 2 - Oklahoma State University 6 |
BOTTOM OF THE 6TH |
Oklahoma State University Cowboys batting - Pitching for University of Michigan Wolverines : LHP Omar Gutierrez
|
Batting: RHB Julio Marquez
|
0-0: Called Strike 0-1: Ball 1-1: Foul Ball, location: 2F 1-2: Ground out 4-3 (Groundball, 4, EV 105.0 MPH)
|
Batting: RHB Tae-seon Kim
|
0-0: Ball 1-0: Swinging Strike 1-1: Swinging Strike 1-2: Ball 2-2: Foul Ball, location: 2F 2-2: Strikes out swinging
|
Batting: LHB Dwayne Roche
|
0-0: Called Strike 0-1: Foul Ball, location: 2F 0-2: Ball 1-2: Fly out, F7 (Flyball, 78S, EV 83.1 MPH)
|
Bottom of the 6th over - 0 runs, 0 hits, 0 errors, 0 left on base; University of Michigan 2 - Oklahoma State University 6 |
TOP OF THE 7TH |
University of Michigan Wolverines batting - Pitching for Oklahoma State University Cowboys : RHP Lisiate Iugini
|
Pitching: LHP Julian Judge
|
|
Now at C: Hunter Uttley
|
|
Now at 1B: Steve Kimbler
|
|
Batting: RHB Aaron Marakovits
|
0-0: Ball 1-0: Called Strike 1-1: Swinging Strike 1-2: Strikes out swinging
|
Batting: RHB Mario Cruz
|
0-0: Called Strike 0-1: Ball 1-1: Ball 2-1: Called Strike 2-2: Strikes out looking
|
Batting: SHB Henrik Berg
|
0-0: Called Strike 0-1: Swinging Strike 0-2: Ball 1-2: Foul Ball, location: 2F 1-2: Strikes out swinging
|
Top of the 7th over - 0 runs, 0 hits, 0 errors, 0 left on base; University of Michigan 2 - Oklahoma State University 6 |
BOTTOM OF THE 7TH |
Oklahoma State University Cowboys batting - Pitching for University of Michigan Wolverines : LHP Omar Gutierrez
|
Batting: RHB Arabello Demesa
|
0-0: SINGLE (Line Drive, 78S, EV 94.4 MPH)
|
Batting: LHB Steve Kimbler
|
0-0: Foul Ball, location: 2F 0-1: Swinging Strike 0-2: Strikes out swinging
|
Batting: RHB Bill Tremblett
|
0-0: Called Strike 0-1: Ball 1-1: Ball 2-1: Foul Ball, location: 2F 2-2: Strikes out swinging
|
Batting: RHB Rory Cardosi
|
0-0: Swinging Strike 0-1: Ball 1-1: Ball 2-1: Foul Ball, location: 2F 2-2: Strikes out swinging
|
Bottom of the 7th over - 0 runs, 1 hit, 0 errors, 1 left on base; University of Michigan 2 - Oklahoma State University 6 |
TOP OF THE 8TH |
University of Michigan Wolverines batting - Pitching for Oklahoma State University Cowboys : LHP Julian Judge
|
Pitching: RHP Rich May
|
|
Batting: LHB Murdock Cranton
|
0-0: Ball 1-0: Called Strike 1-1: Swinging Strike 1-2: Strikes out swinging
|
Batting: RHB Torsten Ernst
|
0-0: Ball 1-0: Ball 2-0: Foul Ball, location: 2F 2-1: Called Strike 2-2: Foul Ball, location: 2F 2-2: Fly out, F8 (Flyball, 8LD, EV 103.8 MPH)
|
Batting: RHB Chris Williamson
|
0-0: Ball 1-0: Called Strike 1-1: Swinging Strike 1-2: Strikes out swinging
|
Top of the 8th over - 0 runs, 0 hits, 0 errors, 0 left on base; University of Michigan 2 - Oklahoma State University 6 |
BOTTOM OF THE 8TH |
Oklahoma State University Cowboys batting - Pitching for University of Michigan Wolverines : LHP Omar Gutierrez
|
Batting: RHB Jean-Philippe Guéry
|
0-0: Ball 1-0: Ball 2-0: Ball 3-0: Called Strike 3-1: Ground out 4-3 (Groundball, 4S, EV 66.2 MPH)
|
Batting: LHB Jeff Williams
|
0-0: Called Strike 0-1: SINGLE (Groundball, 4D, EV 99.4 MPH)
|
Batting: RHB Julio Marquez
|
0-0: Swinging Strike 0-1: Fly out, F9 (Flyball, 9LMF, EV 91.9 MPH)
|
Batting: RHB Hunter Uttley
|
0-0: Foul Ball, location: 2F 0-1: Ball 1-1: DOUBLE (Flyball, 78D, EV 91.2 MPH) Jeff Williams to third Runner from 3rd tries for Home, SAFE, no throw by LF
|
Batting: LHB Dwayne Roche
|
0-0: Called Strike 0-1: Ball 1-1: Ball 2-1: Foul Ball, location: 2F 2-2: Foul Ball, location: 2F 2-2: Fly out, F8 (Line Drive, 8LM, EV 91.9 MPH)
|
Bottom of the 8th over - 1 run, 2 hits, 0 errors, 1 left on base; University of Michigan 2 - Oklahoma State University 7 |
TOP OF THE 9TH |
University of Michigan Wolverines batting - Pitching for Oklahoma State University Cowboys : RHP Rich May
|
Pitching: LHP Jared Hauck
|
|
Batting: RHB Danny Arroyo
|
0-0: Swinging Strike 0-1: Foul Ball, location: 2F 0-2: Ball 1-2: Ball 2-2: Ball 3-2: Strikes out swinging
|
Batting: RHB Quirino Portel
|
0-0: Called Strike 0-1: Ball 1-1: Ball 2-1: Foul Ball, location: 2F 2-2: Ball 3-2: Strikes out swinging
|
Batting: LHB Lance Sabo
|
0-0: Ball 1-0: Foul Ball, location: 2F 1-1: Swinging Strike 1-2: Ball 2-2: Strikes out swinging
|
Top of the 9th over - 0 runs, 0 hits, 0 errors, 0 left on base; University of Michigan 2 - Oklahoma State University 7 |
|